 Dungeon Crawl Stone Soup version 0.22-a0-259-gdd11e71 (webtiles) character file.

151 varam the Chopper (level 5, -1/45 HPs)
             Began as a Hill Orc Necromancer on Mar 5, 2018.
             Was an Initiate of Okawaru.
             Slain by an orc
             ... wielding a +0 war axe
              (10 damage)
             ... on level 2 of the Dungeon.
             The game lasted 00:10:05 (4198 turns).

varam the Chopper (Hill Orc Necromancer)            Turns: 4198, Time: 00:10:06

Health: -1/45      AC:  5    Str: 12    XL:     5   Next: 33%
Magic:  7/7        EV: 12    Int: 15    God:    Okawaru [......]
Gold:   130        SH:  0    Dex: 11    Spells: 6/7 levels left

rFire    . . .     SeeInvis .   e - +0 hand axe
rCold    . . .     Gourm    .   (no shield)
rNeg     . . .     Faith    .   a - +0 robe
rPois    .         Spirit   .   (no helmet)
rElec    .         Reflect  .   o - +2 cloak
rCorr    .         Harm     .   (no gloves)
MR       .....                  (no boots)
Stlth    ++........             (no amulet)
HPRegen  0.15/turn              (no ring)
MPRegen  0.10/turn              (no ring)

@: no status effects
A: no striking features
a: Renounce Religion


You were on level 2 of the Dungeon.
You worshipped Okawaru.
Okawaru was noncommittal.
You were not hungry.

You visited 1 branch of the dungeon, and saw 3 of its levels.

You collected 130 gold pieces.

Inventory:

Hand Weapons
 e - a +0 hand axe (weapon)
Missiles
 f - 3 tomahawks (quivered)
Armour
 a - a +0 robe (worn)
 o - a +2 cloak (worn)
Jewellery
 j - a cursed ring of loudness {unknown}
Scrolls
 h - a scroll of enchant armour {unknown}
 m - a scroll of immolation
Potions
 d - 2 potions of brilliance {unknown}
 g - a potion of lignification {unknown}
 i - a potion of curing {unknown}
 k - 2 potions of heal wounds {unknown}
 l - a potion of might {unknown}
Comestibles
 c - a ration


   Skills:
 - Level 3.4 Fighting
 + Level 4.6 Axes
 - Level 1.6 Dodging
 - Level 1.6 Stealth
 - Level 1.6 Spellcasting
 - Level 4.0 Necromancy


You had 6 spell levels left.
You knew the following spells:

 Your Spells              Type           Power        Failure   Level  Hunger
a - Pain                  Necr           ##..         4%          1    ##.....


Dungeon Overview and Level Annotations

Branches:
Dungeon (3/15)

Altars:
Cheibriados
Okawaru


Message History

The orc hits you with a mace! The gnoll closely misses you.
The orc barely misses you. The orc misses you. The gnoll barely misses you.
There is an escape hatch in the ceiling here.
The orc misses you. The orc hits you with a short sword.
The gnoll hits you from afar with a spear!
* * * LOW HITPOINT WARNING * * *
The orc hits you but does no damage. A mysterious force pulls you upwards.
The hatch slams shut behind you.
You hit the orc.
The orc is almost dead.
You closely miss the orc. You hit the orc.
The orc hits you but does no damage. x2
The orc closely misses you.
You closely miss the orc.
The orc is almost dead.
You hit the orc.
You kill the orc!
Okawaru accepts your kill.
You hit the orc. The orc hits you with a war axe!
You die...

##.8# ##..## ##..###.##
#######################.###
##.........................#
#≈≈≈≈≈≈≈≈≈≈≈≈≈≈≈≈≈≈≈≈≈≈≈≈≈≈≈
#≈≈≈≈≈≈≈≈≈≈≈≈≈≈≈≈≈≈≈≈≈≈≈≈≈≈≈
##.........................#
########'###################
#........#)8###.8###(8###(8#
#........'o@o........).....#
##########################.#
#.# #.. ###


You could see 2 orcs.

Vanquished Creatures
  4 gnolls
  4 adders (D:2)
  An ooze (D:1)
  3 worms
  2 dart slugs (D:2)
  A leopard gecko (D:2)
  An orc (D:2)
  A ball python (D:2)
  4 giant cockroaches
  9 goblins
  7 hobgoblins
  5 jackals (D:2)
  5 kobolds
  2 quokkas (D:2)
  4 bats
  A frilled lizard (D:1)
  4 rats
58 creatures vanquished.

Notes
Turn   | Place    | Note
-------+----------+-------------------------------------------
     0 | D:1      | varam the Hill Orc Necromancer began the quest for the Orb.
     0 | D:1      | Reached XP level 1. HP: 14/14 MP: 3/3
   179 | D:1      | HP: 1/15 [hobgoblin/club (1)]
   255 | D:1      | HP: 1/15 [hobgoblin/club (1)]
   256 | D:1      | Reached XP level 2. HP: 2/22 MP: 0/4
   563 | D:1      | Reached skill level 1 in Axes
   564 | D:1      | Reached skill level 1 in Fighting
  1185 | D:1      | Reached skill level 2 in Axes
  1185 | D:1      | Reached XP level 3. HP: 19/29 MP: 3/5
  1221 | D:2      | Found an iron altar of Okawaru.
  1227 | D:2      | Became a worshipper of Warmaster Okawaru
  1255 | D:2      | Reached skill level 2 in Fighting
  1957 | D:2      | Reached XP level 4. HP: 32/37 MP: 6/6
  2122 | D:2      | Reached skill level 3 in Axes
  2612 | D:2      | Reached skill level 3 in Fighting
  3125 | D:3      | Noticed a gnoll sergeant
  3764 | D:3      | Found a snail-covered altar of Cheibriados.
  3794 | D:3      | Reached XP level 5. HP: 39/45 MP: 7/7
  3894 | D:2      | Reached skill level 4 in Axes
  4198 | D:2      | Slain by an orc

Vault maps used:
D:1:      minmay_arrival_nine_rooms, minmay_tetromino_t2
D:2:      wad_river_or_something, okawaru_trees_1, st_stairs_6,
          kennysheep_generic_room_7
D:3:      corexii_shack_village, grunt_temple_overflow_opulence,
          nicolae_overflow_hidden_temple, yredelemnul_altar_generic

Skill      XL: |  1  2  3  4  5 |
---------------+----------------+-----
Axes           | 2 3 4 |  4.6
Fighting       | 1 2 3 |  3.4
Dodging        | |  1.6
Stealth        | |  1.6
Spellcasting   | |  1.6
Necromancy     | |  4.0

Action                   |  1- 3 |  4- 6 || total
-------------------------+-------+-------++-------
Melee: Hand axe          |    73 |   232 ||   305
       Unarmed           |     8 |       ||     8
 Cast: Pain              |    35 |    17 ||    52
  Use: Scroll            |       |     2 ||     2
 Stab: Sleeping          |     2 |     2 ||     4
  Eat: Chunk             |     4 |     2 ||     6
       Ration            |       |     2 ||     2
Armor: Robe              |    10 |   105 ||   115
Dodge: Dodged            |    54 |   155 ||   209

Table legend:
 A = Spawn XP
 B = Non-spawn XP
 C = Spawn XP percentage of total XP
 D = Spawn monster count
 E = Non-spawn monster count
 F = Spawn count percentage of total count
 G = Total turns spent on level
                    A         B        C        D         E        F      G
               +---------+---------+-------+---------+---------+-------+---------
         Total |       0 |     216 |   0.0 |       0 |      58 |   0.0 |  4198
               +---------+---------+-------+---------+---------+-------+---------
           D:1 |       0 |      34 |   0.0 |       0 |      17 |   0.0 |  1218
           D:2 |       0 |     128 |   0.0 |       0 |      34 |   0.0 |  2730
           D:3 |       0 |      54 |   0.0 |       0 |       7 |   0.0 |   250
               +---------+---------+-------+---------+---------+-------+---------
